AoeStats
← MattAtArms

Arabia

504786792Analyzed
1v1 RM · 27d ago on Sep 6, 2026· 35m 49s· 2 players
Game mode
Random Map
Map size
Tiny (2 player)
Population
200
Speed
Normal
Resources
Standard
Victory
Conquest
Starting age
Dark Age
Ending age
Imperial Age
RankedLock teamsTeams togetherTeam positionsShared explorationLock speedFull tech treeHidden civsTurbo modeCheats
Victory
Defeat
🇬🇧 Spanish · United Kingdom
1920
+19
🇹🇼 Vikings · Taiwan
1994
-19
MattAtArms
8:30 Feudal Age
6:47 Loom
8:59 Double-Bit Axe
14:32 Padded Archer Armor
14:22 Fletching
17:55 Town Watch
21:12 Castle Age
19:47 Scale Barding Armor
19:52 Gold Mining
20:51 Forging
21:15 Bloodlines
21:42 Horse Collar
22:00 Elite Skirmisher
22:56 Bodkin Arrow
24:26 Bow Saw
28:48 Wheelbarrow
34:49 Imperial Age
32:47 Devotion
33:41 Iron Casting
35:24 Husbandry
35:17 Cavalier
36:25 Chain Barding Armor
小米粒
6:29 Loom
9:34 Feudal Age
9:41 Man-at-Arms
11:11 Double-Bit Axe
16:54 Fletching
17:04 Padded Archer Armor
21:01 Castle Age
21:39 Bodkin Arrow
21:54 Bow Saw
22:07 Horse Collar
23:29 Elite Skirmisher
30:15 Fervor
30:06 Town Watch
30:35 Pikeman
31:15 Squires
33:09 Ballistics
32:55 Scale Mail Armor
33:06 Forging
37:52 Imperial Age
Connection lost

Rejoining the realm…

Still unreachable

The connection could not be restored.

Session expired

The server has moved on; the page needs a fresh start.